 Dungeon Crawl Stone Soup version 0.27.0-1-g7a089689b8 (webtiles) character file.

Game seed: 12444722287499574689

20 Ozzies the Skirmisher (level 2, 26/26 HPs)
             Began as a Palentonga Monk on Aug 1, 2021.
             Was a Believer of Yredelemnul.
             Quit the game on level 1 of the Dungeon.
             The game lasted 00:01:41 (1316 turns).

Ozzies the Skirmisher (Palentonga Monk)             Turns: 1316, Time: 00:01:41

Health: 26/26      AC:  4    Str: 14    XL:     2   Next: 58%
Magic:  2/2        EV: 10    Int: 10    God:    Yredelemnul [**....]
Gold:   33         SH:  0    Dex: 12    Spells: 1/1 levels left

rFire    . . .     SeeInvis +     - Unarmed
rCold    . . .     Faith    .   (no shield)
rNeg     . . .     Spirit   .   a - +0 robe
rPois    .         Reflect  .   (no helmet)
rElec    .         Harm     .   (no cloak)
rCorr    .         Rampage  .   (no gloves)
Will     .....                  (no barding)
Stlth    ++........             (no amulet)
HPRegen  0.08/turn              (no ring)
MPRegen  0.08/turn              (no ring)

@: no status effects
A: large, rugged brown scales 3, see invisible, deformed body, roll 1, armoured
tail
a: Rolling Charge, Renounce Religion, Animate Remains, Recall Undead Slaves,
Injury Mirror


You were on level 1 of the Dungeon.
You worshipped Yredelemnul.
Yredelemnul was pleased with you.
You visited 1 branch of the dungeon, and saw 1 of its levels.

You collected 33 gold pieces.

Inventory:

Missiles
 c - 31 stones
Armour
 a - a +0 robe (worn)
Scrolls
 b - a scroll of identify {unknown}
Potions
 d - 2 potions of haste {unknown}


   Skills:
 * Level 3.7 Fighting
 - Level 2.4 Dodging
 - Level 1.2 Stealth
 + Level 3.3 Unarmed Combat


You had one spell level left.
You didn't know any spells.
Your spell library was empty.

Dungeon Overview and Level Annotations

Branches:
Dungeon (1/15)

Altars:
Yredelemnul


Innate Abilities, Weirdness & Mutations

You are completely covered in rugged brown scales. (AC +3, +7% HP)
You have supernaturally acute eyesight. (SInv)
Armour fits poorly on your strangely shaped body.
You can roll at nearby foes to attack.
You have a long armoured tail.


Message History

The kobold closely misses you.
You hit the kobold.
You kill the kobold!
Things that are here:
a +0 club; a kobold corpse You now have 33 gold pieces (gained 11).
A rat comes into view.
A rat is nearby!
A rat is nearby!
A rat is nearby!
The helpless rat fails to defend itself.
You punch the rat!
You kill the rat!
No target in view!
No target in view!
No target in view!
No target in view!
No target in view!
No target in view!
No target in view!
You open the door.
There is an open door here.
An endoplasm comes into view.
An endoplasm is nearby!
An endoplasm is nearby!
An endoplasm is nearby!
The helpless endoplasm fails to defend itself.
You hit the endoplasm.
The endoplasm is moderately wounded.
The endoplasm freezes you.
You are frozen.
You hit the endoplasm.
You kill the endoplasm!
No target in view!
No target in view!
No target in view!
No target in view!
No target in view!
No target in view!
You open the door.
A bat and a kobold come into view.
The kobold shouts!
The bat barely misses you.
There are monsters nearby!
There are monsters nearby!
There are monsters nearby!
You hit the bat.
The bat is severely wounded.
The bat closely misses you. The bat closely misses you.
The kobold barely misses you.
There is an open door here.
You hit the bat but do no damage.
Your tail-slap misses the bat.
The bat is moderately wounded.
The bat hits you but does no damage.
The kobold hits you with a +0 short sword.
You hit the kobold.
You kill the kobold!
You barely miss the bat.
The bat is moderately wounded.
The bat misses you. The bat hits you but does no damage.
The bat hits you but does no damage. The bat hits you. x2
You hit the bat.
You kill the bat!
No target in view!
No target in view!
No target in view!
No target in view!
No target in view!
No target in view!
No target in view!
No target in view!
No target in view!
No target in view!
No target in view!
No target in view!
c - 31 stones (gained 2)
You see here a +0 short sword.
Found a faded altar of an unknown god.
There is a faded altar of an unknown god here.
You open the door.
There is an open door here.
Done exploring.
Done exploring.
Done exploring.
Search for what [? for help]? .
Search for what [Enter for "."]? .
There is an open door here.
There is a faded altar of an unknown god here.
You cannot tell which god this altar belongs to.
Convert to them anyway?
Yredelemnul accepts your prayer! Yredelemnul welcomes you!
You can now animate remains.
You can now recall your undead slaves.
You can now mirror injuries on your foes.
Unknown command.
Press < or > to pray at altars.
Unknown command.
Press < or > to pray at altars.
Are you sure you want to abandon this character and quit the game? (Confirm with "yes".)

#..♣.♣.....##.........
#♣♣.♣..♣..♣...........
##.♣♣♣♣♣♣....#.##+###.
#.♣♣....♣.♣.....#.###.
#.♣♣..♣♣..♣♣....#.....
###.♣♣♣.♣♣.♣♣..##.#####.
#...♣♣♣..♣♣♣♣♣♣.......#.
#...♣.♣...♣ ♣♣..#.###'#.
#...♣♣.@♣♣♣ ♣...#.#.....
#...♣♣♣♣♣♣♣ ♣.....#.....
#...♣♣♣♣..♣♣♣..####.....
###.............#...####
#########.##..#.#####.
#....#.#...#.#.....
#....#...###.......
##########....###...#####.##
#.............# ###.# #.....


There were no monsters in sight!

Vanquished Creatures
  2 ball pythons (D:1)
  2 endoplasms (D:1)
  A giant cockroach (D:1)
  5 hobgoblins (D:1)
  A quokka (D:1)
  2 bats (D:1)
  3 kobolds (D:1)
  A rat (D:1)
17 creatures vanquished.

Notes
Turn   | Place    | Note
-------+----------+-------------------------------------------
     0 | D:1      | Ozzies the Palentonga Monk began the quest for the Orb.
     0 | D:1      | Reached XP level 1. HP: 19/19 MP: 1/1
   438 | D:1      | Reached XP level 2. HP: 13/25 MP: 2/2
  1233 | D:1      | Found a faded altar of an unknown god.
  1315 | D:1      | Became a worshipper of Yredelemnul the Dark
  1315 | D:1      | Reached * piety under Yredelemnul
  1315 | D:1      | Reached ** piety under Yredelemnul
  1316 | D:1      | Quit the game

Illustrated notes

Levels and vault maps discovered:
D:1:      dpeg_arrival_simpleton_b, layout_basic,
          chequers_ecumenical_altar_grove

Action                   || total
-------------------------++-------
Melee: Unarmed           ||    65
       Tailslap          ||     2
 Abil: Rolling Charge    ||     1
 Stab: Sleeping          ||     4
Armor: Robe              ||    22
Dodge: Dodged            ||    38
